Map: Bel'Shir Vestige LE (Void)

Players

Railgan - Winner!

  • Race: Zerg Zerg
  • League: Master
  • Spawn Location: 11:00

Simba

  • Race: Terran Terran
  • League: Master
  • Spawn Location: 5:00

VOD

Have the link to the VOD?

Description

Time

  • Played on: March 1, 2017, 4:05 p.m.
  • Length: 10:58
Show
View Real Time Build Order
Export as new Build Order

Railgan Zerg - Winner!

Build Orders: Pool First, Muta Ling Bane 

Get SALT Encoding   

  12  0:01  Drone  
  13  0:12  Overlord  
  13  0:17  Drone  
  14  0:30  Drone x2  
  14  0:35  Drone  
  17  0:46  Spawning Pool  
  17  0:47  Drone  
  17  0:56  Drone  
  18  1:12  Extractor, Hatchery  
  18  1:17  Drone  
  18  1:18  Drone  
  18  1:30  Drone  
  19  1:36  Queen  
  19  1:38  Zergling x2  
  22  1:49  Overlord  
  22  2:07  Drone  
  23  2:11  Drone, Queen  
  26  2:22  Metabolic Boost  
  26  2:23  Drone  
  26  2:28  Queen  
  26  2:29  Drone  
  30  2:34  Overlord  
  30  2:35  Drone  
  31  2:43  Drone  
  32  2:45  Drone x2  
  32  2:46  Drone  
  35  2:55  Overlord  
  35  2:56  Drone  
  35  2:57  Lair  
  36  3:05  Drone  
  37  3:07  Drone  
  37  3:12  Evolution Chamber  
  37  3:14  Extractor  
  37  3:16  Drone, Queen  
  37  3:18  Drone  
  40  3:20  Drone  
  40  3:23  Zergling x4  
  44  3:28  Drone  
  44  3:29  Drone  
  46  3:39  Drone x2, Overlord  
  48  3:46  Overlord  
  48  3:51  Drone  
  49  3:56  Extractor  
  49  3:57  Drone x2  
  49  3:58  Spire  
  49  4:01  Drone  
  49  4:02  Drone  
  51  4:03  Zergling x2  
  51  4:04  Overlord  
  51  4:06  Extractor, Overseer  
  51  4:11  Drone  
  51  4:13  Drone x2  
  51  4:14  Drone  
  55  4:25  Overlord  
  55  4:27  Drone x4  
  55  4:28  Drone  
  60  4:36  Zergling x2  
  61  4:42  Zergling x2  
  61  4:44  Zergling x6  
  61  4:45  Overlord  
  65  4:47  Hatchery  
  64  4:54  Zergling x2  
  65  5:04  Zergling x8  
  65  5:05  Zergling x2  
  70  5:10  Overlord  
  70  5:11  Mutalisk  
  70  5:13  Mutalisk  
  70  5:14  Mutalisk x2  
  72  5:20  Mutalisk  
  80  5:23  Mutalisk  
  82  5:30  Mutalisk  
  84  5:40  Mutalisk  
  86  5:44  Drone x4  
  86  5:46  Evolution Chamber x2  
  86  5:49  Overseer  
  88  5:52  Zergling x2  
  88  5:53  Zergling x6  
  88  6:14  Drone x6  
  88  6:18  Zerg Melee Weapons Level 1, Zerg Ground Armor Level 1  
  93  6:19  Drone x2  
  93  6:20  Queen  
  97  6:33  Zergling x2  
  97  6:35  Extractor  
  97  6:36  Extractor, Drone  
  97  6:41  Overlord  
  97  6:45  Pneumatized Carapace  
  97  6:46  Hatchery, Overlord  
  97  6:47  Overlord  
  96  6:48  Zergling x2  
  96  6:52  Baneling Nest  
  96  6:54  Zergling x2  
  96  6:55  Zergling x2  
  96  7:00  Hatchery  
  97  7:02  Zergling x18  
  106  7:09  Mutalisk x2  
  106  7:12  Zerg Flyer Weapons Level 1  
  106  7:14  Drone x2  
  113  7:15  Zergling x2  
  103  7:31  Zergling x8  
  97  7:37  Mutalisk x5  
  106  7:53  Zergling x14  
  106  7:56  Centrifical Hooks  
  112  8:03  Zergling x6  
  115  8:12  Zergling x8  
  119  8:16  Mutalisk  
  119  8:19  Drone  
  119  8:31  Zergling x2  
  108  8:35  Mutalisk x3  
  108  8:38  Drone x6  
  120  8:42  Zergling x14  
  120  8:48  Zergling x2  
  128  8:52  Extractor  
  128  8:54  Baneling  
  128  8:55  Baneling x10  
  127  8:56  Baneling, Zergling x2  
  127  8:57  Zergling x10  
  127  8:58  Overlord x3  
  127  9:01  Overlord  
  133  9:04  Overlord  
  117  9:26  Zergling x2  
  117  9:27  Zergling x26  
  121  9:33  Zergling x8  
  121  9:34  Zergling x2  
  121  9:35  Zergling x4  
  124  9:40  Zergling x2  
  124  9:44  Mutalisk x3  
  131  9:47  Baneling x3  
  131  9:48  Zergling x2  
  131  9:52  Zergling x2  
  133  9:53  Zergling x6  
  133  9:59  Zergling x4  
  138  10:00  Overseer x2  
  138  10:07  Hatchery  
  138  10:08  Zergling x6  
  138  10:12  Baneling x9  
  138  10:13  Baneling x4  
  128  10:29  Zergling x16  
  128  10:32  Zergling x2  
  128  10:33  Zergling x2  
Show
View Real Time Build Order
Export as new Build Order

Simba Terran 

Build Orders: Reaper Expand, MMM Bio 

Get SALT Encoding   

  12  0:01  SCV  
  13  0:13  SCV  
  14  0:17  Supply Depot  
  14  0:25  SCV  
  15  0:39  SCV  
  15  0:41  Barracks  
  16  0:44  Refinery  
  16  0:51  SCV  
  17  1:03  SCV  
  18  1:15  SCV  
  19  1:28  Reaper, Orbital Command  
  20  1:39  Command Center  
  20  1:49  Supply Depot  
  20  1:54  SCV  
  20  2:00  Barracks Reactor  
  21  2:06  SCV  
  22  2:18  SCV  
  22  2:21  Factory  
  23  2:26  Barracks  
  23  2:31  SCV  
  23  2:36  Marine x2  
  26  2:42  Refinery  
  26  2:43  SCV  
  27  2:51  Orbital Command  
  27  2:54  Marine x2  
  27  2:55  SCV  
  30  3:06  Starport  
  30  3:07  SCV  
  30  3:12  Marine x2  
  33  3:14  Barracks Tech Lab  
  33  3:18  SCV  
  33  3:19  SCV  
  35  3:20  Widow Mine  
  37  3:30  Marine x2  
  37  3:31  Supply Depot  
  37  3:34  SCV, Stimpack  
  39  3:37  SCV  
  39  3:38  Marine  
  41  3:45  Starport Reactor  
  41  3:47  SCV  
  41  3:48  Marine x2  
  44  3:49  SCV  
  44  3:54  Supply Depot  
  45  3:58  Supply Depot  
  45  3:59  Marine  
  46  4:04  SCV  
  46  4:05  Marine x2, SCV  
  50  4:10  Engineering Bay  
  50  4:16  Marine, SCV  
  51  4:17  SCV  
  51  4:21  Supply Depot  
  51  4:23  Marine x2  
  55  4:28  Medivac x2  
  59  4:31  SCV  
  60  4:39  SCV  
  60  4:40  Terran Infantry Weapons Level 1  
  60  4:43  Bunker, Marine x2, Refinery  
  60  4:44  Marine  
  64  4:48  SCV  
  65  4:54  Supply Depot  
  65  4:57  SCV  
  66  5:01  Marine x3  
  69  5:07  Command Center  
  69  5:10  Factory Reactor  
  69  5:15  SCV  
  69  5:16  Supply Depot  
  69  5:19  Marine x2  
  72  5:27  Medivac x2  
  76  5:32  Barracks  
  76  5:33  Barracks  
  76  5:34  Marine  
  77  5:36  Barracks  
  77  5:37  Combat Shields  
  77  5:41  SCV  
  78  5:44  Marine  
  78  5:46  Marine  
  78  5:49  Widow Mine x2  
  84  5:51  SCV  
  84  5:53  Refinery  
  84  5:54  Marine  
  86  6:02  Marine  
  87  6:04  Marine  
  81  6:11  Medivac  
  81  6:12  Medivac, Marine  
  75  6:18  SCV  
  75  6:19  Marine, Orbital Command  
  75  6:21  Barracks Reactor  
  75  6:22  Marine, Barracks Reactor  
  75  6:24  Marine  
  79  6:28  Missile Turret  
  79  6:30  Marine  
  79  6:32  Missile Turret  
  80  6:37  Marine  
  81  6:40  Marine  
  81  6:41  Marine  
  81  6:45  Terran Infantry Armor Level 1  
  83  6:48  Marine  
  83  6:49  SCV x2  
  84  6:55  Marine  
  84  6:56  Supply Depot, Orbital Command  
  84  6:57  Armory  
  84  6:58  Marine  
  84  6:59  Marine, Engineering Bay  
  87  7:02  SCV  
  87  7:08  Marine x2  
  90  7:12  SCV  
  90  7:15  SCV  
  92  7:16  Missile Turret  
  92  7:18  Marine x2  
  92  7:20  Bunker  
  94  7:24  Medivac x2  
  90  7:31  Marine x2  
  90  7:34  Marine x2  
  77  7:38  Marine  
  77  7:39  Marine  
  77  7:42  Marine  
  77  7:43  Marine  
  72  7:46  Widow Mine x2  
  72  7:48  Marine, Orbital Command  
  72  7:49  Marine  
  78  7:53  SCV  
  78  7:54  SCV  
  76  7:59  Marine x3  
  76  8:03  Marine x2  
  81  8:05  SCV  
  81  8:06  SCV  
  83  8:14  SCV  
  83  8:15  Marine x2  
  83  8:16  Marine  
  83  8:17  Marine  
  83  8:18  SCV x2  
  90  8:21  Missile Turret  
  90  8:25  Orbital Command  
  87  8:27  Marine x3  
  87  8:28  Marine  
  87  8:33  Marine x2  
  86  8:34  Marine x2  
  86  8:35  SCV x2  
  88  8:45  Marine x3  
  88  8:46  Marine  
  88  8:47  Widow Mine, SCV  
  92  8:51  Marine x2  
  92  8:52  Marine  
  92  8:53  Missile Turret, Marine  
  96  8:56  SCV  
  96  8:58  SCV  
  98  9:03  Marine x2  
  98  9:04  Marine  
  98  9:06  Bunker  
  98  9:07  SCV  
  98  9:09  Marine  
  103  9:10  SCV  
  103  9:13  Widow Mine  
  103  9:14  Marine  
  103  9:15  SCV  
  108  9:19  Marine  
  108  9:20  Marine  
  108  9:23  Marine  
  92  9:31  Marine  
  92  9:33  SCV x3  
  85  9:39  Medivac x2, Marine x6  
  85  9:41  Marine  
  96  9:47  Widow Mine  
  96  9:48  Widow Mine  
  96  9:49  Marine  
  101  9:55  Missile Turret  
  101  9:57  Marine x4  
  104  10:03  Marine x2  
  104  10:05  SCV  
  104  10:06  Marine  
  107  10:08  Medivac  
  107  10:11  Marine  
  104  10:14  Marine  
  104  10:15  Marine x3  
  104  10:21  Marine x2  
  103  10:24  Marine  
  97  10:29  Marine  
  97  10:32  Marine  
  97  10:33  Marine x3  
  106  10:38  Marine  
  106  10:39  Marine  
Tags
 
Add a new tag
Caveats
  • Supply blocks, unpowered buildings, or Contaminate may cause inaccurate times.
  • Supply counts are checked every 10 seconds.